 Dungeon Crawl Stone Soup version 0.17.0-1-g61d176b (webtiles) character file.

1172 SlimeFever the Grappler (level 8, -1/67 (68) HPs)
             Began as a Ghoul Monk on Nov 8, 2015.
             Was an Elder of Ru.
             Slain by an orc warrior
             ... wielding a +0 dire flail
              (18 damage)
             ... on level 6 of the Dungeon.
             The game lasted 00:36:45 (4522 turns).

SlimeFever the Grappler (Ghoul Monk)                Turns: 4522, Time: 00:36:46

HP:   -1/67 (68)    AC:  4    Str: 15    XL:     8   Next: 41%
MP:   0/7           EV: 15    Int:  7    God:    Ru [****..]
Gold: 190           SH:  0    Dex: 13    Spells: 0 memorised, 7 levels left

rFire  . . .     SeeInvis .       - Unarmed
rCold  + . .     Clarity  .     n - +2 robe
rNeg   + + +     SustAt   .     (no shield)
rPois  ∞         Gourm    .     (no helmet)
rElec  .         Spirit   +     (no cloak)
rCorr  .         Warding  .     (no gloves)
rMut   .         Stasis   .     (no boots)
MR     +....                    q - amulet of guardian spirit
Stlth  +++.......               h - ring of protection from magic
                                c - +2 ring of intelligence

@: rotting, somewhat resistant to hostile enchantments, fairly stealthy
A: rotting body, claws 1, carnivore 3, cold resistance 1, negative energy
resistance 3, slow regeneration 2, torment resistance, unbreathing, inability to
use devices
a: Draw Out Power, Power Leap, Renounce Religion


You were on level 6 of the Dungeon.
You worshipped Ru.
Ru was greatly pleased with you.
You were not hungry.

You visited 1 branch of the dungeon, and saw 6 of its levels.

You collected 190 gold pieces.

Inventory:

Hand Weapons
 a - a +0 hunting sling
Missiles
 j - 6 needles of paralysis
Armour
 n - a +2 robe (worn)
 t - a +0 pair of boots
Jewellery
 c - a +2 ring of intelligence (left claw)
 h - a ring of protection from magic (right claw)
 q - an amulet of guardian spirit (around neck)
Wands
 r - a wand of polymorph (9)
Scrolls
 d - a scroll of fog
 i - 6 scrolls of remove curse
 k - 2 scrolls of blinking
Potions
 e - a potion of might {unknown}
 f - a potion of curing {unknown}
 g - 2 potions of brilliance
 m - 2 potions of resistance
 p - a potion of flight {unknown}
 s - a potion of berserk rage {unknown}
Comestibles
 b - 5 meat rations
 l - 3 beef jerkies
 o - a slice of pizza


   Skills:
 + Level 5.2 Fighting
 * Level 5.7 Dodging
 + Level 4.5 Stealth
 * Level 8.1 Unarmed Combat


You had 7 spell levels left.
You didn't know any spells.

Dungeon Overview and Level Annotations

Branches:
Dungeon (6/15)             Temple (0/1) D:5

Altars:
Dithmenos
Fedhas
Gozag
Nemelex Xobeh
Okawaru
Ru
Sif Muna
The Shining One

Shops:
D:5 =


Innate Abilities, Weirdness & Mutations

Your body is rotting away.
You thrive on raw meat.
You are immune to poison.
You have sharp fingernails.
You are carnivorous and can eat meat at any time.
Your flesh is cold resistant.
You are immune to negative energy.
You do not regenerate naturally when monsters are visible.
You are immune to unholy pain and torment.
You can survive without breathing.
You cannot study or use magical devices.


Message History

You scratch the orc warrior but do no damage.
The orc warrior is moderately wounded.
The orc warrior hits you with a dire flail.
You claw the orc warrior!
The orc warrior is severely wounded.
You claw the orc warrior!
The orc warrior is almost dead.
The orc warrior barely misses you.
You scratch the orc warrior.
The orc warrior is almost dead.
You closely miss the orc warrior.
The orc warrior is almost dead.
The orc warrior hits you with a dire flail!
* * * LOW HITPOINT WARNING * * *
You barely miss the orc warrior.
The orc warrior is almost dead.
You closely miss the orc warrior.
The orc warrior is almost dead.
The orc warrior hits you with a dire flail!!
You die...

#.#
#.#.#######
#.# #.#.# #.#
#.#o#
#.######.#.#
#.........o#
########.#.#
#.#.#
#.#o#######.##
#.#oo@.......#
#.#########.##
#.# .#


You could see an orc warrior and 2 orcs.

Vanquished Creatures
  A wyvern (D:5)
  Menkaure (D:6)
  2 ogres (D:5)
  A giant frog (D:5)
  2 scorpions
  A giant frog skeleton (D:4)
  4 hounds
  A crimson imp (D:5)
  An orc wizard (D:3)
  3 iguanas
  5 worker ants
  A hound skeleton (D:5)
  10 adders
  An ooze (D:3)
  2 adder skeletons (D:4)
  5 worms
  2 giant geckos
  4 orcs
  4 bats
  3 giant cockroaches
  14 hobgoblins
  2 jackals (D:2)
  5 kobolds
  3 quokkas
  7 giant newts
  4 goblins
  4 rats
93 creatures vanquished.

Notes
Turn   | Place    | Note
--------------------------------------------------------------
     0 | D:1      | SlimeFever the Ghoul Monk began the quest for the Orb.
     0 | D:1      | Reached XP level 1. HP: 19/19 MP: 0/0
   119 | D:1      | Reached XP level 2. HP: 23/26 MP: 1/1
   453 | D:1      | Reached skill level 5 in Unarmed Combat
   663 | D:1      | Reached XP level 3. HP: 31/31 MP: 2/2
   798 | D:2      | Found a blossoming altar of Fedhas.
   834 | D:2      | Found an opulent altar of Gozag.
   854 | D:2      | Found a glowing golden altar of the Shining One.
   857 | D:2      | Found a sparkling altar of Nemelex Xobeh.
   949 | D:2      | Found a deep blue altar of Sif Muna.
  1059 | D:2      | Found a shadowy altar of Dithmenos.
  1073 | D:2      | Reached XP level 4. HP: 37/40 MP: 3/3
  1427 | D:2      | Found a sacrificial altar of Ru.
  1430 | D:2      | Became a worshipper of Ru the Awakened
  1438 | D:2      | Found a shadowy altar of Dithmenos.
  1439 | D:2      | Gained mutation: You cannot study or use magical devices. [Ru sacrifice]
  1439 | D:2      | Reached * piety under Ru
  1439 | D:2      | Reached ** piety under Ru
  1439 | D:2      | Reached *** piety under Ru
  1769 | D:3      | Found an iron altar of Okawaru.
  1773 | D:3      | Reached XP level 5. HP: 45/45 MP: 4/4
  2660 | D:4      | Reached skill level 6 in Unarmed Combat
  2660 | D:4      | Reached XP level 6. HP: 28/52 MP: 3/5
  3463 | D:5      | Entered Level 5 of the Dungeon
  3491 | D:5      | Noticed a wyvern
  3492 | D:5      | Reached XP level 7. HP: 59/59 MP: 6/6
  3506 | D:5      | Killed a wyvern
  3506 | D:5      | Reached skill level 7 in Unarmed Combat
  3515 | D:5      | HP: 1/60 [ogre/giant spiked club (15)]
  3518 | D:5      | Reached skill level 5 in Dodging
  3754 | D:5      | Gained mutation: You do not regenerate naturally when monsters are visible. [Ru sacrifice]
  3754 | D:5      | Reached **** piety under Ru
  3787 | D:5      | Found a staircase to the Ecumenical Temple.
  3840 | D:5      | Reached skill level 5 in Fighting
  4111 | D:5      | Reached XP level 8. HP: 50/68 MP: 4/7
  4167 | D:5      | Found Jozesk's Jewellery Shoppe.
  4400 | D:6      | Noticed Menkaure
  4407 | D:6      | Killed Menkaure
  4407 | D:6      | Reached skill level 8 in Unarmed Combat
  4522 | D:6      | Slain by an orc warrior

Action                   |  1- 3 |  4- 6 |  7- 9 || total
-------------------------+-------+-------+-------++-------
Melee: Unarmed           |   108 |   164 |   109 ||   381
Invok: Sacrifice Artific |       |     1 |       ||     1
       Draw Out Power    |       |     1 |     1 ||     2
       Sacrifice Purity  |       |       |     1 ||     1
  Use: Scroll            |       |     7 |     2 ||     9
 Stab: Sleeping          |       |     7 |     3 ||    10
       Invisible         |       |       |     3 ||     3
  Eat: Chunk             |     8 |     9 |     5 ||    22
